 Dungeon Crawl Stone Soup version 0.29-a0-275-g389c0b56f3 (webtiles) character file.

Game seed: 4646066551780600328

103 Ijustatesigmund the Chopper (level 4, -13/41 HPs)
             Began as a Minotaur Fighter on Mar 11, 2022.
             Mangled by an orc warrior
             ... wielding a +0 battleaxe
              (20 damage)
             ... on level 3 of the Dungeon.
             The game lasted 00:02:44 (2234 turns).

Ijustatesigmund the Chopper (Minotaur Fighter)      Turns: 2234, Time: 00:02:44

Health: -13/41     AC: 14    Str: 23    XL:     4   Next: 51%
Magic:  3/3        EV:  7    Int:  5    God:
Gold:   131        SH:  4    Dex:  9    Spells: 3/3 levels left

rFire   + . .      SeeInvis .   a - +0 war axe
rCold   . . .      Faith    .   c - +0 buckler
rNeg    . . .      Spirit   .   b - +0 chain mail
rPois   .          Reflect  .   (helmet restricted)
rElec   .          Harm     .   h - +0 cloak
rCorr   .          Rampage  .   (no gloves)
Will    .....                   (no boots)
Stlth   ..........              (no amulet)
HPRegen 0.13/turn               g - ring of protection from fire
MPRegen 0.08/turn               i - +4 ring of protection

@: hasted, invisible (expiring), very quick
A: horns 2, retaliatory headbutt
a: no special abilities


You were on level 3 of the Dungeon.
You visited 1 branch of the dungeon, and saw 3 of its levels.

You collected 131 gold pieces.

Inventory:

Hand Weapons
 a - a +0 war axe (weapon)
 o - a +1 flail of holy wrath
Armour
 b - a +0 chain mail (worn)
 c - a +0 buckler (worn)
 h - a +0 cloak (worn)
Jewellery
 g - a ring of protection from fire (left hand)
 i - a +4 ring of protection (right hand)
Scrolls
 j - 2 scrolls of blinking
 n - a scroll of teleportation {unknown}
 p - a scroll of enchant weapon {unknown}
Potions
 d - a potion of might
 e - a potion of cancellation
 f - 3 potions of curing
 k - a potion of invisibility
 l - a potion of degeneration {unknown}


   Skills:
 + Level 4.7 Fighting
 * Level 5.0 Axes
 - Level 3.6 Armour
 - Level 3.6 Shields


You had 3 spell levels left.
You didn't know any spells.
Your spell library contained the following spells:

 Spells                   Type           Power      Damage    Failure   Level
 Magic Dart               Conj           0%         1d3       99%         1
 Searing Ray              Conj           0%         2d4       100%        2
 Call Canine Familiar     Summ           0%         N/A       100%        3
 Portal Projectile        Hex/Tloc       0%         N/A       100%        3
 Fulminant Prism          Conj/Hex       0%         3d6       100%        4
 Leda's Liquefaction      Hex/Erth       0%         N/A       100%        4


Dungeon Overview and Level Annotations

Branches:
Dungeon (3/15)

Altars:


Innate Abilities, Weirdness & Mutations

You have a pair of horns on your head.
You reflexively headbutt those who attack you in melee.


Message History

You hit the orc wizard. Your headbutt misses the orc wizard.
The orc wizard is moderately wounded.
The orc wizard barely misses you.
You barely miss the orc wizard. You headbutt the orc wizard.
The orc wizard is severely wounded.
The orc wizard hits you but does no damage.
You strike the helpless orc wizard from behind!
You slash the orc wizard!
You kill the orc wizard!
You hit the orc warrior.
The orc warrior hits you with a +0 battleaxe.
The orc warrior hits you with a +0 battleaxe!
Your Axes skill increases to level 5!
You hit the orc warrior but do no damage.
The orc warrior is moderately wounded.
The orc warrior barely misses you.
You closely miss the orc warrior.
The orc warrior is moderately wounded.
The orc warrior hits you with a +0 battleaxe!
You hit the orc warrior.
The orc warrior is heavily wounded.
The orc warrior hits you with a +0 battleaxe!!
* * * LOW HITPOINT WARNING * * *
The orc warrior completely misses you.
You are too injured to fight recklessly!
You are too injured to fight recklessly!
You are too injured to fight recklessly!
You are too injured to fight recklessly!
You are too injured to fight recklessly!
You are too injured to fight recklessly!
You are too injured to fight recklessly!
You are too injured to fight recklessly!
You are too injured to fight recklessly!
You are too injured to fight recklessly!
You are too injured to fight recklessly!
Okay, then.
You flicker for a moment.
It was a potion of haste.
You feel yourself speed up.
The orc warrior hits you with a +0 battleaxe!!
You die...

.. #####.##### #
####+##.........# ###
#...............# #..
#...............###..
#...............+....
#...............#....
#..................
#.@.†..............
#..o...............
###.................
#...................
#.##..).........###.
#.................##
####..####..........
#... ..#........ #>..
..........


You could see an orc warrior (can't see you).

Vanquished Creatures
  An orc wizard (D:3)
  2 adders
  A dart slug (D:3)
  7 orcs (D:3)
  5 bats
  6 endoplasms
  2 giant cockroaches
  3 goblins
  2 hobgoblins
  7 kobolds
  2 quokkas (D:3)
  6 ball pythons
  2 frilled lizards
  6 rats
52 creatures vanquished.

Notes
Turn   | Place    | Note
-------+----------+-------------------------------------------
     0 | D:1      | Ijustatesigmund the Minotaur Fighter began the quest for
                  | the Orb.
     0 | D:1      | Reached XP level 1. HP: 19/19 MP: 0/0
   104 | D:1      | Reached skill level 3 in Axes
   183 | D:1      | Reached XP level 2. HP: 12/27 MP: 1/1
   390 | D:1      | Found a faded altar of an unknown god.
  1004 | D:2      | Reached XP level 3. HP: 33/33 MP: 2/2
  1606 | D:3      | Reached skill level 4 in Axes
  2040 | D:3      | Reached XP level 4. HP: 41/41 MP: 3/3
  2218 | D:3      | Noticed an orc warrior
  2228 | D:3      | Reached skill level 5 in Axes
  2234 | D:3      | Mangled by an orc warrior

Illustrated notes

Levels and vault maps discovered:
D:1:      dpeg_arrival_tiny_g, layout_loops_ring,
          hellmonk_ecumenical_altar_inner_sanctum, minmay_misc_feat_room
D:2:      layout_loops_cross, serial_bayou_crossing
D:3:      cheibrodos_greedy_goblins, layout_basic

Skill      XL: |  1  2  3  4 |
---------------+-------------+-----
Axes           | 3 4 5 |  5.0
Fighting       | 4 |  4.7
Armour         | |  3.6
Shields        | |  3.6

Action                   |  1- 3 |  4- 6 || total
-------------------------+-------+-------++-------
Melee: War axe           |    76 |    14 ||    90
       Headbutt          |     7 |     1 ||     8
  Use: Scroll            |     5 |       ||     5
       Potion            |       |     2 ||     2
 Stab: Invisible         |       |     3 ||     3
Armor: Scale mail        |    37 |       ||    37
       Chain mail        |       |     7 ||     7
Dodge: Dodged            |    45 |     7 ||    52
Block: Buckler           |    21 |     1 ||    22

Table legend: (Time is in decaauts)
 A = Elapsed time spent in this place.
 B = Non-inter-level travel time spent in this place.
 C = Inter-level travel time spent in this place.
 D = Time resting spent in this place.
 E = Time spent auto-exploring this place.
 F = Levels seen in this place.
 G = Mean time per level.
                   A        B        C        D        E       F      G
               +--------+--------+--------+--------+--------+-----+--------+
         Total |   2272 |   2244 |     28 |      0 |   1924 |   3 |  757.3 |
       Dungeon |   2272 |   2244 |     28 |      0 |   1924 |   3 |  757.3 |
               +--------+--------+--------+--------+--------+-----+--------+

Top non-repeatable levels by time:
     D:1: 860 daAuts
     D:2: 766 daAuts
     D:3: 645 daAuts
